 Dungeon Sprint DCSS version 0.17-a0-1753-g75d4604 (webtiles) character file.

68504 Kidiri the Imperceptible (level 13, 0/55 HPs)
             Began as a Spriggan Enchanter on Sept 2, 2015.
             Was the Champion of Dithmenos.
             Killed from afar by a deep elf annihilator (34 damage)
             ... with a bolt of lightning
             ... in the Dungeon (Sprint III: "The Ten Rune Challenge").
             The game lasted 00:33:00 (5644 turns).

Kidiri the Imperceptible (Spriggan Enchanter)       Turns: 5644, Time: 00:33:00

Health: 0/55       AC:  5    Str:  4    XL:     13   Next: 75%
Magic:  33/36      EV: 38    Int: 19    God:    Dithmenos [******]
Gold:   5348       SH:  0    Dex: 21    Spells: 8 memorised, 14 levels left

rFire  . . .     SeeInvis +     s - +0 rapier
rCold  . . .     Clarity  .     b - +1 robe {MR+}
rNeg   . . .     SustAt   .     (shield restricted)
rPois  .         Gourm    .     n - +2 hat
rElec  .         Spirit   .     (no cloak)
rCorr  .         Warding  .     (gloves unavailable)
rMut   .         NoTele   +     (boots unavailable)
MR     +++..                    (no amulet)
Stlth  ++++++++++               (no ring)
                                (no ring)

@: wreathed by umbra, very quick, extremely resistant to hostile enchantments,
uncannily stealthy
A: unfitting armour, hooves 1, see invisible, agile 1, herbivore 3, speed 3,
slow metabolism 2
a: Shadow Step, Shadow Form, Renounce Religion
}: 2/10 runes: serpentine, barnacled


You were in the Dungeon.
You worshipped Dithmenos.
Dithmenos was exalted by your worship.
You were not hungry.

You visited 1 branch You collected 5348 gold pieces.

Inventory:

Hand weapons
 a - a +2 dagger of venom
 s - a +0 rapier (weapon)
Missiles
 i - 10 throwing nets (quivered)
Armour
 b - a +1 robe of magic resistance (worn)
 n - a +2 hat (worn)
Scrolls
 j - a scroll of blinking
Potions
 f - 2 potions of brilliance {unknown}
 g - a potion of haste
 h - a potion of magic
 l - a potion of berserk rage
 m - a potion of might
 o - 2 potions of cure mutation
 p - 5 potions of flight
 q - a potion of cancellation {unknown}
Comestibles
 c - 2 fruits
 d - 2 bread rations
 k - 26 royal jellies


   Skills:
 + Level 12.2 Short Blades
 * Level 21.0 Dodging
 * Level 22.4 Stealth
 * Level 18.1 Spellcasting
 + Level 8.7 Conjurations
 + Level 14.1 Hexes
 + Level 8.7 Summonings
 + Level 14.4 Translocations
 + Level 9.7 Ice Magic
 - Level 2.6 Invocations


You had 14 spell levels left.
You knew the following spells:

 Your Spells              Type           Power        Failure   Level  Hunger
a - Corona                Hex            ######.      0%          1    None
b - Ensorcelled Hibernat  Hex/Ice        ######       1%          2    None
c - Confuse               Hex            ######..     1%          3    None
d - Tukima's Dance        Hex            ######..     1%          3    None
e - Dazzling Spray        Conj/Hex       ######..     1%          3    None
f - Controlled Blink      Tloc           N/A          10%         7    ######.
g - Malign Gateway        Summ/Tloc      ######....   24%         7    ######.
h - Disjunction           Tloc           ######....   71%         8    #######


Dungeon Overview and Level Annotations

Branches:
Dungeon (1/1)

Altars:
Cheibriados
Dithmenos
Elyvilon
Fedhas
Gozag
Kikubaaqudgha
Makhleb
Nemelex Xobeh
Okawaru
Qazlal
Ru
Sif Muna
Trog
Vehumet
Xom
Yredelemnul
Zin
The Shining One
Jiyva
Lugonu

Shops:
D [:?:[%[


Innate Abilities, Weirdness & Mutations

You are tiny and cannot use many weapons and most armour.
You have supernaturally acute eyesight.
You are a herbivore.
You cover ground extremely quickly.
You need consume almost no food.
You have large cloven feet.
You are agile. (Dex +2)


Message History

Okay, then.
The deep elf high priest invokes the aid of its god against you.
The hellfire explodes!
The burst of hellfire engulfs you!
You emit a cloud of dark smoke.
Unknown command.
Casting: Dazzling Spray
Confirm with . or Enter, or press ? or * to list all spells.
Aiming: Dazzling Spray
Press: ? - help, Shift-Dir - straight line, f - deep elf high priest
Aim: a deep elf high priest, wielding a short sword of holy wrath, wearing a glowing chain mail and wearing a glowing onyx ring (umbra)
The spray of energy hits the deep elf high priest.
The deep elf high priest is lightly wounded.
The spray of energy hits the deep elf annihilator.
The deep elf annihilator is lightly wounded.
Your shadow mimicks your spell!
The shadow shard hits the deep elf high priest.
The deep elf annihilator casts a spell at you.
The bolt of lightning hits you!
Ouch! That really hurt!
You die...

▓▓▓▓ ▓▓▓▓▓
###..###.#.#######***###*********
#...∩.#.#..'.#.§§#*,...',,,,,,**,
#..)[.....##.#§§@##≈≈≈≈#*,,**,**,
#..))....###.#§§§§≈≈)...,,,,*,**,
#))).....#.#.#.)§##≈≈≈≈#*,,**,**,
#(###..#..##.'...#*,ee.',,,,,,**,
#.#,##.###.#######***###********,
#'###########################***,
#....#)#)#)....#......+...≈≈#,**,
##.#.)#.##.###.#......#...≈≈###**
'##.#.#.##.#..##......#...≈≈≈≈#*,


You could see a deep elf annihilator and a deep elf high priest.

Vanquished Creatures
  Rupert (D)
  Polyphemus (D)
  Gastronok (D)
  A greater naga (D)
  Ilsuiw (D)
  Maud (D)
  2 dire elephants (D)
  3 deep elf demonologists (D)
  A merfolk javelineer (D)
  Erolcha (D)
  A deep elf high priest (D)
  A naga warrior (D)
  2 hydras (D)
  4 anacondas (D)
  4 death yaks (D)
  3 deep elf knights (D)
  A death drake (D)
  A sea snake (D)
  A spriggan druid (D)
  A lindwurm (D)
  An orc knight (D)
  2 deep elf conjurers (D)
  An orc sorcerer (D)
  7 black mambas (D)
  2 elephants (D)
  2 spiny frogs (D)
  A komodo dragon (D)
  A guardian serpent (D)
  A queen bee (D)
  A fire drake (D)
  A deep elf priest (D)
  8 blink frogs (D)
  3 wandering mushrooms (D)
  2 spriggans (D)
  2 trapdoor spiders (D)
  4 redbacks (D)
  A shadow (D)
  A spatial vortex (D)
  2 nagas (D)
  2 hill giants (D)
  4 water moccasins (D)
  A swamp drake (D)
  3 orc warriors (D)
  A necrophage (D)
  3 two-headed ogres (D)
  2 brain worms (D)
  A water elemental (D)
  32 killer bees (D)
  2 orc wizards (D)
  An electric eel (D)
  A jelly (D)
  A wizard (D)
  Jessica (D)
  A necromancer (D)
  3 sheep (D)
  3 humans (D)
  A kobold demonologist (D)
  4 adders (D)
  A phantom (D)
  10 orcs (D)
  3 rats (D)
  4 plants (D)
160 creatures vanquished.

Vanquished Creatures (collateral kills)
  An orc wizard (D)
1 creature vanquished.

Vanquished Creatures (others)
  2 draconian scorchers (D)
  3 yaktaurs (D)
  10 plants (D)
15 creatures vanquished.

Grand Total: 176 creatures vanquished

Notes
Turn   | Place    | Note
--------------------------------------------------------------
     0 | D        | Kidiri the Spriggan Enchanter began the quest for the Orb.
     0 | D        | Reached XP level 1. HP: 9/9 MP: 5/5
    14 | D        | Noticed Jessica
    30 | D        | Killed Jessica
    30 | D        | Reached skill level 5 in Dodging
    30 | D        | Reached skill level 6 in Stealth
    30 | D        | Reached XP level 2. HP: 8/13 MP: 5/8
    36 | D        | Learned a level 2 spell: Ensorcelled Hibernation
    64 | D        | Killed a yaktaur
   168 | D        | Reached skill level 7 in Stealth
   168 | D        | Reached XP level 3. HP: 16/16 MP: 7/10
   175 | D        | Learned a level 3 spell: Confuse
   179 | D        | Learned a level 3 spell: Tukima's Dance
   251 | D        | Killed a white draconian scorcher
   252 | D        | Killed a white draconian scorcher
   381 | D        | Gained mutation: You can spit weak poison. [potion of mutation]
   381 | D        | Gained mutation: You are dopey. (Int -2) [potion of mutation]
   381 | D        | Gained mutation: You have large cloven feet. [potion of mutation]
   382 | D        | Lost mutation: You have large cloven feet. [potion of cure mutation]
   382 | D        | Lost mutation: You can spit weak poison. [potion of cure mutation]
   382 | D        | Lost mutation: You are dopey. (Int -2) [potion of cure mutation]
   383 | D        | Gained mutation: You have large cloven feet. [potion of mutation]
   383 | D        | Gained mutation: You are agile. (Dex +2) [potion of mutation]
   410 | D        | Noticed a water elemental
   424 | D        | Killed a water elemental
   424 | D        | Reached skill level 8 in Stealth
   424 | D        | Reached skill level 5 in Spellcasting
   424 | D        | Reached skill level 5 in Hexes
   424 | D        | Reached skill level 1 in Ice Magic
   424 | D        | Reached XP level 4. HP: 5/21 MP: 10/12
   737 | D        | Learned a level 3 spell: Dazzling Spray
   798 | D        | Noticed a jelly
   799 | D        | Noticed a shadow
   801 | D        | Killed a shadow
   801 | D        | Reached skill level 10 in Stealth
   801 | D        | Reached skill level 1 in Conjurations
   801 | D        | Reached XP level 5. HP: 24/24 MP: 12/15
   801 | D        | Reached XP level 6. HP: 28/28 MP: 13/17
   805 | D        | Killed a jelly
   832 | D        | Found a stormy altar of Qazlal.
   833 | D        | Found a sacrificial altar of Ru.
   833 | D        | Found a burning altar of Makhleb.
   833 | D        | Found a viscous altar of Jiyva.
   833 | D        | Found a shimmering altar of Xom.
   833 | D        | Found a shadowy altar of Dithmenos.
   833 | D        | Found a sparkling altar of Nemelex Xobeh.
   833 | D        | Found a corrupted altar of Lugonu.
   833 | D        | Found an opulent altar of Gozag.
   833 | D        | Noticed a spatial vortex
   838 | D        | Became a worshipper of Dithmenos the Shadowed
   859 | D        | Killed a spatial vortex
   859 | D        | Reached skill level 11 in Stealth
   859 | D        | Reached skill level 1 in Invocations
   989 | D        | Found a radiant altar of Vehumet.
   990 | D        | Found a deep blue altar of Sif Muna.
   990 | D        | Found an ancient bone altar of Kikubaaqudgha.
   990 | D        | Noticed a wizard
   991 | D        | Killed a wizard
   991 | D        | Reached skill level 5 in Short Blades
   991 | D        | Reached skill level 10 in Dodging
  1012 | D        | Found a glowing silver altar of Zin.
  1013 | D        | Found a glowing golden altar of the Shining One.
  1013 | D        | Found a white marble altar of Elyvilon.
  1013 | D        | Noticed a deep elf priest
  1015 | D        | Killed a deep elf priest
  1015 | D        | Reached XP level 7. HP: 32/32 MP: 18/20
  1027 | D        | Learned a level 7 spell: Controlled Blink
  1035 | D        | Found an iron altar of Okawaru.
  1036 | D        | Found a bloodstained altar of Trog.
  1036 | D        | Noticed a human
  1036 | D        | Noticed a human
  1038 | D        | Killed a human
  1038 | D        | Reached skill level 12 in Stealth
  1038 | D        | Reached skill level 1 in Translocations
  1039 | D        | Killed a human
  1056 | D        | Found a snail-covered altar of Cheibriados.
  1056 | D        | Noticed a necrophage
  1057 | D        | Found a basalt altar of Yredelemnul.
  1057 | D        | Found a blossoming altar of Fedhas.
  1057 | D        | Noticed a necromancer
  1058 | D        | Killed a necrophage
  1058 | D        | Reached XP level 8. HP: 36/36 MP: 22/22
  1059 | D        | Killed a necromancer
  1059 | D        | Acquired Dithmenos's first power
  1059 | D        | Reached skill level 10 in Spellcasting
  1071 | D        | Learned a level 7 spell: Malign Gateway
  1092 | D        | Noticed a two-headed ogre
  1092 | D        | Noticed a two-headed ogre
  1096 | D        | Killed a two-headed ogre
  1098 | D        | Killed a two-headed ogre
  1098 | D        | Reached skill level 13 in Stealth
  1101 | D        | Noticed a two-headed ogre
  1102 | D        | Killed a two-headed ogre
  1107 | D        | Noticed a hill giant
  1110 | D        | Killed a hill giant
  1110 | D        | Acquired Dithmenos's second power
  1110 | D        | Reached skill level 1 in Summonings
  1115 | D        | Noticed a hill giant
  1115 | D        | Noticed Erolcha
  1117 | D        | Killed Erolcha
  1117 | D        | Reached skill level 14 in Stealth
  1117 | D        | Reached skill level 5 in Translocations
  1117 | D        | Reached XP level 9. HP: 39/39 MP: 23/25
  1126 | D        | Killed a hill giant
  1126 | D        | Reached skill level 5 in Ice Magic
  1194 | D        | Noticed a redback
  1197 | D        | Killed a redback
  1225 | D        | Noticed a trapdoor spider
  1227 | D        | Killed a trapdoor spider
  1251 | D        | Noticed a trapdoor spider
  1254 | D        | Killed a trapdoor spider
  1254 | D        | Acquired Dithmenos's third power
  1298 | D        | Noticed a killer bee
  1298 | D        | Noticed a killer bee
  1298 | D        | Noticed a killer bee
  1298 | D        | Noticed a killer bee
  1298 | D        | Noticed a killer bee
  1298 | D        | Noticed a killer bee
  1298 | D        | Noticed a killer bee
  1298 | D        | Noticed a killer bee
  1298 | D        | Noticed a killer bee
  1298 | D        | Noticed a killer bee
  1298 | D        | Noticed a killer bee
  1298 | D        | Noticed a killer bee
  1298 | D        | Noticed a killer bee
  1298 | D        | Noticed a killer bee
  1298 | D        | Noticed a killer bee
  1299 | D        | Noticed a killer bee
  1299 | D        | Noticed a killer bee
  1299 | D        | Noticed a killer bee
  1300 | D        | Noticed a killer bee
  1300 | D        | Noticed a killer bee
  1300 | D        | Noticed a killer bee
  1300 | D        | Noticed a killer bee
  1301 | D        | Noticed a killer bee
  1302 | D        | Noticed a killer bee
  1302 | D        | Noticed a killer bee
  1303 | D        | Noticed a killer bee
  1303 | D        | Killed a killer bee
  1304 | D        | Noticed a killer bee
  1305 | D        | Noticed a killer bee
  1306 | D        | Noticed a killer bee
  1306 | D        | Noticed a killer bee
  1306 | D        | Killed a killer bee
  1308 | D        | Killed a killer bee
  1310 | D        | Noticed a queen bee
  1310 | D        | Killed a killer bee
  1312 | D        | Killed a killer bee
  1315 | D        | Killed a killer bee
  1315 | D        | Acquired Dithmenos's fourth power
  1317 | D        | Killed a killer bee
  1319 | D        | Killed a killer bee
  1320 | D        | Noticed a killer bee
  1321 | D        | Killed a killer bee
  1321 | D        | Reached skill level 15 in Stealth
  1336 | D        | Killed a killer bee
  1339 | D        | Killed a killer bee
  1474 | D        | Killed a killer bee
  1479 | D        | Killed a queen bee
  1485 | D        | Killed a killer bee
  1489 | D        | Killed a killer bee
  1492 | D        | Killed a killer bee
  1494 | D        | Killed a killer bee
  1496 | D        | Killed a killer bee
  1498 | D        | Killed a killer bee
  1500 | D        | Killed a killer bee
  1502 | D        | Noticed a killer bee
  1502 | D        | Killed a killer bee
  1502 | D        | Reached XP level 10. HP: 39/44 MP: 3/27
  1632 | D        | Killed a killer bee
  1635 | D        | Killed a killer bee
  1637 | D        | Killed a killer bee
  1639 | D        | Killed a killer bee
  1641 | D        | Killed a killer bee
  1643 | D        | Killed a killer bee
  1645 | D        | Killed a killer bee
  1650 | D        | Killed a killer bee
  1657 | D        | Killed a killer bee
  1657 | D        | Reached skill level 5 in Conjurations
  1658 | D        | Killed a killer bee
  1686 | D        | Killed a killer bee
  1688 | D        | Killed a killer bee
  1834 | D        | Noticed a wandering mushroom
  1835 | D        | Noticed a wandering mushroom
  1835 | D        | Noticed a wandering mushroom
  1836 | D        | Killed a wandering mushroom
  1838 | D        | Killed a wandering mushroom
  1839 | D        | Killed a wandering mushroom
  1839 | D        | Reached skill level 16 in Stealth
  1839 | D        | Reached skill level 10 in Hexes
  1869 | D        | Learned a level 8 spell: Disjunction
  1997 | D        | Noticed a spiny frog
  1997 | D        | Noticed a komodo dragon
  1997 | D        | Noticed a spiny frog
  2002 | D        | Killed a spiny frog
  2002 | D        | Reached skill level 15 in Dodging
  2004 | D        | Killed a komodo dragon
  2005 | D        | Killed a spiny frog
  2097 | D        | Noticed a redback
  2102 | D        | Killed a redback
  2123 | D        | Noticed a brain worm
  2126 | D        | Killed a brain worm
  2129 | D        | Noticed a brain worm
  2131 | D        | Killed a brain worm
  2137 | D        | Noticed a lindwurm
  2139 | D        | Noticed a redback
  2140 | D        | Killed a lindwurm
  2142 | D        | Killed a redback
  2146 | D        | Noticed a redback
  2147 | D        | Killed a redback
  2148 | D        | Noticed Maud
  2150 | D        | Killed Maud
  2150 | D        | Reached skill level 17 in Stealth
  2150 | D        | Reached skill level 5 in Summonings
  2150 | D        | Reached XP level 11. HP: 47/47 MP: 29/29
  2154 | D        | Noticed an electric eel
  2155 | D        | Noticed a four-headed hydra
  2155 | D        | Noticed a four-headed hydra
  2162 | D        | Killed an electric eel
  2188 | D        | Killed a four-headed hydra
  2204 | D        | Killed a four-headed hydra
  2204 | D        | Reached skill level 10 in Translocations
  2278 | D        | Noticed a death drake
  2281 | D        | Killed a death drake
  2290 | D        | Found a blossoming altar of Fedhas.
  2290 | D        | Noticed a spriggan
  2290 | D        | Noticed a spriggan druid
  2290 | D        | Noticed a spriggan
  2292 | D        | Killed a spriggan druid
  2293 | D        | Killed a spriggan
  2294 | D        | Killed a spriggan
  2294 | D        | Reached skill level 18 in Stealth
  2321 | D        | Noticed a water moccasin
  2322 | D        | Noticed a black mamba
  2323 | D        | Killed a water moccasin
  2324 | D        | Killed a black mamba
  2345 | D        | Noticed a black mamba
  2345 | D        | Noticed a water moccasin
  2345 | D        | Noticed an anaconda
  2345 | D        | Noticed a black mamba
  2348 | D        | Noticed a water moccasin
  2349 | D        | Killed a black mamba
  2350 | D        | Killed a water moccasin
  2354 | D        | Killed an anaconda
  2355 | D        | Killed a black mamba
  2357 | D        | Killed a water moccasin
  2378 | D        | Noticed a black mamba
  2380 | D        | Noticed an anaconda
  2380 | D        | Noticed an anaconda
  2380 | D        | Noticed a water moccasin
  2380 | D        | Noticed an anaconda
  2380 | D        | Noticed a black mamba
  2383 | D        | Killed an anaconda
  2427 | D        | Killed a black mamba
  2434 | D        | Killed an anaconda
  2434 | D        | Reached skill level 10 in Short Blades
  2434 | D        | Reached skill level 15 in Spellcasting
  2438 | D        | Killed an anaconda
  2438 | D        | Reached XP level 12. HP: 43/51 MP: 15/32
  2440 | D        | Killed a water moccasin
  2556 | D        | Killed a black mamba
  2556 | D        | Reached skill level 19 in Stealth
  2557 | D        | Noticed a naga
  2557 | D        | Noticed a naga
  2559 | D        | Noticed a naga warrior
  2559 | D        | Noticed a greater naga
  2559 | D        | Found Kosa's Book Shop.
  2559 | D        | Found Jeackask's Antique Armour Shoppe.
  2559 | D        | Found Butieler's Food Boutique.
  2560 | D        | Killed a naga
  2561 | D        | Killed a naga
  2563 | D        | Killed a naga warrior
  2564 | D        | Killed a greater naga
  2617 | D        | Noticed a guardian serpent
  2619 | D        | Killed a guardian serpent
  2621 | D        | Got a serpentine rune of Zot
  2706 | D        | Noticed a swamp drake
  2706 | D        | Noticed a fire drake
  2707 | D        | Killed a fire drake
  2709 | D        | Killed a swamp drake
  2716 | D        | Noticed a blink frog
  2716 | D        | Noticed a blink frog
  2717 | D        | Noticed a blink frog
  2717 | D        | Noticed a blink frog
  2717 | D        | Noticed a blink frog
  2718 | D        | Killed a blink frog
  2722 | D        | Killed a blink frog
  2724 | D        | Killed a blink frog
  2725 | D        | Killed a blink frog
  2727 | D        | Killed a blink frog
  2774 | D        | Noticed Rupert
  2776 | D        | Killed Rupert
  2776 | D        | Reached skill level 20 in Stealth
  2802 | D        | Noticed a death yak
  2803 | D        | Noticed a death yak
  2803 | D        | Noticed a blink frog
  2804 | D        | Noticed an azure jelly
  2804 | D        | Noticed a death yak
  2804 | D        | Noticed an azure jelly
  2804 | D        | Noticed a blink frog
  2804 | D        | Noticed a death yak
  2805 | D        | Noticed a blink frog
  2810 | D        | Killed a death yak
  2820 | D        | Killed a death yak
  2825 | D        | Killed a blink frog
  2826 | D        | Killed a death yak
  3002 | D        | Noticed a black mamba
  3002 | D        | Noticed a black mamba
  3013 | D        | Killed a black mamba
  3028 | D        | Killed a blink frog
  3037 | D        | Killed a death yak
  3288 | D        | Killed a black mamba
  3293 | D        | Killed a blink frog
  3326 | D        | Noticed Polyphemus
  3327 | D        | Noticed Ilsuiw
  3328 | D        | Killed Polyphemus
  3328 | D        | Reached XP level 13. HP: 55/55 MP: 29/34
  3373 | D        | Killed Ilsuiw
  3373 | D        | Reached skill level 21 in Stealth
  3507 | D        | Found Itukic's Antique Armour Shoppe.
  3507 | D        | Noticed a sea snake
  3509 | D        | Killed a sea snake
  3533 | D        | Found Essos's Book Boutique.
  3534 | D        | Found Lushyis's Magic Scroll Emporium.
  3535 | D        | Noticed a merfolk javelineer
  3537 | D        | Killed a merfolk javelineer
  3554 | D        | Got a barnacled rune of Zot
  3594 | D        | Killed a yaktaur
  3628 | D        | Noticed an azure jelly
  3628 | D        | Noticed an azure jelly
  3629 | D        | Noticed an elephant
  3629 | D        | Noticed an elephant
  3629 | D        | Noticed a dire elephant
  3629 | D        | Noticed a dire elephant
  3629 | D        | Noticed Gastronok
  3646 | D        | Killed a dire elephant
  3651 | D        | Killed a dire elephant
  3667 | D        | Killed an elephant
  3681 | D        | Killed Gastronok
  3687 | D        | Killed an elephant
  4074 | D        | Noticed an orc wizard
  4075 | D        | Found Ludat's Antique Armour Shop.
  4075 | D        | Noticed an orc wizard
  4076 | D        | Noticed an orc warrior
  4076 | D        | Noticed an orc wizard
  4076 | D        | Noticed an orc warrior
  4076 | D        | Noticed an orc sorcerer
  4076 | D        | Noticed an orc warrior
  4076 | D        | Noticed an orc knight
  4080 | D        | Killed an orc wizard
  4082 | D        | Killed an orc wizard
  4086 | D        | Killed an orc knight
  4092 | D        | Killed an orc warrior
  4096 | D        | Killed an orc sorcerer
  4102 | D        | Killed an orc wizard
  4117 | D        | Killed an orc warrior
  4143 | D        | Killed an orc warrior
  4238 | D        | Noticed a deep elf conjurer
  4238 | D        | Noticed a deep elf conjurer
  4238 | D        | Noticed a deep elf knight
  4238 | D        | Noticed a deep elf knight
  4238 | D        | Noticed a deep elf knight
  4245 | D        | Noticed a deep elf demonologist
  4247 | D        | Killed a deep elf knight
  4248 | D        | Killed a deep elf knight
  4250 | D        | Killed a deep elf knight
  4250 | D        | Reached skill level 22 in Stealth
  4252 | D        | Killed a deep elf conjurer
  4253 | D        | Killed a deep elf conjurer
  4254 | D        | Noticed a deep elf demonologist
  4464 | D        | Noticed a deep elf high priest
  4475 | D        | Killed a deep elf demonologist
  4486 | D        | Noticed a deep elf demonologist
  4489 | D        | Noticed a balrug
  4490 | D        | Noticed a deep elf high priest
  4634 | D        | Noticed a deep elf annihilator
  4808 | D        | Killed a yaktaur
  4888 | D        | Noticed a deep elf blademaster
  4888 | D        | Killed a deep elf demonologist
  5227 | D        | Killed a deep elf demonologist
  5497 | D        | Killed a deep elf high priest
  5644 | D        | Killed from afar by a deep elf annihilator

Vault maps used:
D:        dungeon_sprint_mu

Action                   |  1- 3 |  4- 6 |  7- 9 | 10-12 | 13-15 || total
-------------------------+-------+-------+-------+-------+-------++-------
Melee: Dagger            |    51 |    20 |    49 |    83 |   185 ||   388
 Cast: Corona            |     6 |       |       |       |       ||     6
       Ensorcelled Hiber |     1 |       |    32 |    41 |     1 ||    75
       Dazzling Spray    |       |     6 |     2 |    25 |    84 ||   117
       Confuse           |       |       |     2 |     1 |     1 ||     4
       Tukima's Dance    |       |       |       |       |     2 ||     2
       Controlled Blink  |       |       |       |       |     1 ||     1
Invok: Shadow Step       |       |       |     1 |    15 |     3 ||    19
  Use: Potion            |     5 |       |       |       |     5 ||    10
       Scroll            |     6 |       |       |       |       ||     6
 Stab: Sleeping          |     3 |     5 |    31 |    63 |    10 ||   112
       Confused          |       |       |     2 |     1 |       ||     3
       Invisible         |       |       |       |     5 |     8 ||    13
       Distracted        |       |       |       |       |     1 ||     1
  Eat: Fruit             |       |       |       |     1 |     3 ||     4
